 Dungeon Crawl Stone Soup version 0.29-a0-817-g9904bce7a6 (webtiles) character file.

Game seed: 13100490719257215067

88799 buhh the Fighter (level 15, -5/135 HPs)
             Began as an Octopode Transmuter on July 6, 2022.
             Was a High Priest of Cheibriados.
             Killed by an exploding bloated husk (47 damage)
             ... on level 1 of the Swamp.
             The game lasted 01:17:39 (32978 turns).

buhh the Fighter (Octopode Transmuter)             Turns: 32978, Time: 01:17:40

Health: -5/135     AC: 14    Str: 22    XL:     15   Next: 95%
Magic:  23/33      EV: 23    Int: 36    God:    Cheibriados [*****.]
Gold:   516        SH:  0    Dex: 27    Spells: 5/18 levels left

rFire   x . .      SeeInvis +     - Unarmed
rCold   + + +      Faith    .   (shield currently unavailable)
rNeg    . . .      Spirit   .   (helmet currently unavailable)
rPois   +          Reflect  .   U - amulet "Ceweixto" {Will+ Regen+}
rElec   .          Harm     .   d - +4 ring of protection
rCorr   +          Rampage  .   p - ring of poison resistance
Will    ++...                   X - ring of see invisible
Stlth   ++++......              Y - ring of resist corrosion
HPRegen 1.12/turn               Z - ring of wizardry
MPRegen 0.23/turn               V - ring of flight
                                e - ring of the Snail {rPois rC+ rCorr Str-2}
                                C - ring of magical power

@: ice-form, flying, very slow
A: freezing attack, boosted hp, almost no armour, amphibious, 8 rings, large,
(camouflage 1), (gelatinous body 1), (nimble swimmer 1), (tentacles)
a: End Transformation, Renounce Religion, Bend Time, Temporal Distortion,
Slouch, Step From Time


You were on level 1 of the Swamp.
You worshipped Cheibriados.
Cheibriados was extremely pleased with you.
You were a creature of crystalline ice.
You visited 5 branches of the dungeon, and saw 25 of its levels.
You also visited: Bailey.

You collected 3928 gold pieces.
You spent 3412 gold pieces at shops.

Inventory:

Missiles
 k - 60 poisoned darts
 r - 11 throwing nets
 x - 3 atropa-tipped darts
 A - 5 curare-tipped darts
Armour
 w - a +2 hat of willpower (melded)
Magical Staves
 B - a staff of conjuration
Jewellery
 d - a +4 ring of protection (left front paw)
 e - the ring of the Snail (on tentacle) {rPois rC+ rCorr Str-2}
   (You acquired it on level 14 of the Dungeon)

   [ring of protection from cold]

   Str:       It affects your strength (-2).
   rC:        It protects you from cold.
   rPois:     It protects you from poison.
   rCorr:     It protects you from acid and corrosion.
 p - a ring of poison resistance (right front paw)
 C - a ring of magical power (on tentacle)
 N - an amulet of magic regeneration
 U - the amulet "Ceweixto" (around neck) {Will+ Regen+}
   (You acquired it on level 5 of the Lair of Beasts)

   [amulet of regeneration]

   Regen:     It increases your rate of health regeneration.
   Will:      It increases your willpower.
 V - a ring of flight (on tentacle)
 X - a ring of see invisible (on tentacle)
 Y - a ring of resist corrosion (on tentacle)
 Z - a ring of wizardry (on tentacle)
Wands
 m - a wand of acid (21)
 K - a wand of digging (12)
 L - a wand of iceblast (18)
 R - a wand of flame (3)
Scrolls
 f - 4 scrolls of fear {!r}
 g - 4 scrolls of magic mapping {!r!d}
 j - 2 scrolls of torment
 n - 4 scrolls of vulnerability
 q - 6 scrolls of teleportation {!d}
 s - 4 scrolls of silence {!r}
 u - 4 scrolls of enchant armour
 y - 4 scrolls of identify {!d}
 D - 3 scrolls of amnesia
 E - 5 scrolls of immolation {!d}
 F - 2 scrolls of poison
 G - 3 scrolls of fog
 J - a scroll of noise
 O - 3 scrolls of enchant weapon
Potions
 a - 8 potions of lignification {!d}
 b - 5 potions of haste {!q!d}
 c - 3 potions of curing {!q!d}
 h - a potion of berserk rage {!q}
 i - 4 potions of degeneration
 l - 10 potions of brilliance {!q!d}
 o - 3 potions of resistance {!q!d}
 t - 5 potions of flight
 v - 7 potions of mutation {!d}
 z - 4 potions of attraction
 I - a potion of heal wounds {!q!d}
 P - a potion of ambrosia {unknown}
 T - 3 potions of cancellation {!q!d}
 W - a potion of invisibility {!q!d}
Miscellaneous
 H - a phial of floods
 M - a lightning rod (4/4)
 Q - a condenser vane (inert)
 S - a phantom mirror


   Skills:
 - Level 14.0 Fighting
 - Level 14.0 Dodging
 - Level 5.0 Stealth
 - Level 14.0 Unarmed Combat
 - Level 2.0 Spellcasting
 * Level 7.3 Transmutations
 - Level 5.0 Ice Magic
 * Level 1.7 Earth Magic
 - Level 2.0 Poison Magic
 - Level 13.0 Invocations


You had 5 spell levels left.
You knew the following spells:

 Your Spells              Type           Power      Damage    Failure   Level
a - Beastly Appendage     Tmut           100%       N/A       1%          1
b - Wereblood             Tmut           54%        N/A       1%          2
c - Spider Form           Tmut/Pois      37%        N/A       1%          3
d - Ice Form              Ice/Tmut       48%        N/A       1%          4
e - Ozocubu's Armour      Ice            39%        N/A       1%          3

Your spell library contained the following spells:

 Spells                   Type           Power      Damage    Failure   Level
 Ensorcelled Hibernation  Hex/Ice        42%        N/A       1%          2
 Passwall                 Tmut/Erth      30%        N/A       1%          2
 Magic Dart               Conj           12%        1d3       2%          1
 Blink                    Tloc           6%         N/A       3%          2
 Call Imp                 Summ           3%         N/A       3%          2
 Petrify                  Tmut/Erth      36%        N/A       3%          4
 Mephitic Cloud           Conj/Pois/Air  8%         N/A       4%          3
 Swiftness                Air            3%         N/A       6%          3
 Tukima's Dance           Hex            3%         N/A       6%          3
 Alistair's Intoxication  Tmut/Pois      24%        N/A       9%          5
 Yara's Violent Unravell  Hex/Tmut       15%        3d8       13%         5
 Passage of Golubria      Tloc           3%         N/A       21%         4
 Metabolic Englaciation   Hex/Ice        10%        N/A       21%         5
 Borgnjor's Vile Clutch   Necr/Erth      4%         N/A       38%         5
 Manifold Assault         Tloc           3%         N/A       47%         5
 Eringya's Noxious Bog    Tmut/Pois      18%        N/A       41%         6
 Statue Form              Tmut/Erth      24%        N/A       43%         6
 Simulacrum               Ice/Necr       10%        N/A       71%         6
 Storm Form               Tmut/Air       15%        N/A       98%         7


Dungeon Overview and Level Annotations

Branches:
Dungeon (15/15) Zot: 38859  Temple (1/1) D:4 Zot: 8898    Lair (6/6) D:11 Zot: 37481
  Swamp (1/4) Lair:4 Zot: 8968  Spider (0/4) Lair:4        Slime (0/5) Lair:5
    Orc (2/2) D:12 Zot: 14131     Elf (0/3) Orc:2        Vaults (0/5) D:14
 Bailey (visited)
 Depths: D:15

Altars:
Ashenzari
Cheibriados
Dithmenos
Elyvilon
Gozag
Kikubaaqudgha
Makhleb
Okawaru
Qazlal
Ru
Trog
Vehumet
Wu Jian
Yredelemnul
Zin

Shops:
D:5 *!(([   D:8 ?:   Orc:2 =(*[?

Annotations:
D:3 2 transporters, 3 runed translucent doors, exclusion: 3 doors, HilariousDeathArtist's ghost, amateur DjAM
D:4 exclusion: scorpion
Lair:5 exclusion: oklob plant


Innate Abilities, Weirdness & Mutations

You are a creature of crystalline ice.
You have a powerful freezing melee attack.
Your maximum health is increased.
Your armour is entirely melded.
You are incapable of wielding weapons or throwing items.
You cannot wear most types of armour.
You are amphibious.
You can wear up to eight rings at the same time.
((Your skin changes colour to match your surroundings (Stealth+).))
((Your rubbery body absorbs attacks. (AC +1, EV +1)))
((You are camouflaged when in or above water. (Stealth+)))
((You have tentacles for arms and can constrict up to eight enemies at once.))


Message History

A spriggan comes into view. It is wielding a +0 rapier.
The spriggan shouts!
The spriggan rider hits you from afar with a +0 spear!
The spriggan druid hits you with a +0 quarterstaff!
You punch the spriggan druid! You freeze the spriggan druid.
The spriggan druid is heavily wounded.
You pummel the spriggan druid!! You freeze the spriggan druid.
You kill the spriggan druid!
Cheibriados appreciates the change of pace.
The spriggan rider hits you from afar with a +0 spear!!
You pummel the spriggan!! You freeze the spriggan!
You kill the spriggan!
Cheibriados appreciates the change of pace.
The spriggan rider hits you but does no damage.
The spriggan rider barely misses you.
The spriggan rider hits you with a +0 spear.
You miss the spriggan rider. You barely miss the spriggan rider.
The spriggan rider misses you.
You barely miss the spriggan rider.
The spriggan rider hits you with a +0 spear!!
You closely miss the spriggan rider.
The spriggan rider hits you with a +0 spear!
You are too injured to fight recklessly!
You punch the spriggan rider! You freeze the spriggan rider.
The spriggan rider is moderately wounded.
You punch the spriggan rider! You freeze the spriggan rider.
The spriggan rider is heavily wounded.
The spriggan rider hits you with a +0 spear!
You miss the spriggan rider.
The spriggan rider is heavily wounded.
The spriggan rider hits you with a +0 spear!!
* * * LOW HITPOINT WARNING * * *
You step out of the flow of time.
You return to the normal time flow.
Cheibriados lowers the support of your attributes as your movement quickens.
A bloated husk comes into view.
Really quaff
c - 4 potions of curing {!q!d}?
You feel better.
The bloated husk explodes!
The blast of putrescent gases engulfs you!!!
You die...

,**,≈,,.≈≈..≈***
≈≈,,≈≈≈≈≈...≈♣♣♣ ****
,,,≈≈≈≈≈...§...♣♣♣♣ ****,,**
,,,≈≈≈≈≈≈.....≈≈≈≈♣ *≈*≈≈≈≈*
,≈,≈≈≈≈≈..≈≈≈≈≈≈≈.♣♣*≈,≈≈≈**
≈≈≈≈≈≈≈≈...≈≈≈≈≈...♣♣*≈≈≈,*
≈,,≈≈≈,.....≈≈≈≈..♣≈♣♣♣),,*
*≈,≈≈,>...≈≈≈.≈≈≈.≈♣≈..≈≈≈*
*^,,,≈≈.≈♣≈≈..≈≈Y......≈≈,**
,,**≈≈***♣..≈♣≈.)...≈...≈,,*
******* ♣♣...♣....[≈.≈.,≈**
♣....≈..≈≈....≈≈≈*
♣≈≈≈≈≈≈)♣≈.≈.≈≈≈,*
♣♣≈≈..♣♣♣♣♣♣≈.≈≈,* ♣.>.≈♣
*,≈♣♣≈,** ♣♣♣<♣♣ ********
♣♣♣


There were no monsters in sight!

Vanquished Creatures
  Rupert (Orc:2)
  Gastronok (D:11)
  2 orc warlords (Orc:2)
  A boulder beetle (Lair:3)
  5 centaur warriors
  9 hydras
  A catoblepas (Lair:5)
  A death knight (D:12)
  3 two-headed ogres
  2 orc high priests
  3 tengu warriors
  A shadow wraith (D:14)
  A fire crab (shapeshifter) (D:13)
  2 goliath frogs (Lair:6)
  A spriggan druid (Swamp:1)
  A glowing orange brain (shapeshifter) (D:15)
  5 orc knights
  A wolf spider (Lair:4)
  4 orc sorcerers
  4 manticores
  A guardian serpent (shapeshifter) (D:14)
  10 ugly things
  7 cyclopes
  3 black mambas
  A torpor snail (Lair:6)
  6 elephants
  A gargoyle (D:12)
  3 unseen horrors
  A rime drake (Lair:4)
  20 cane toads
  Psyche (D:8)
  A kobold demonologist (D:11)
  A tengu conjurer (D:13)
  3 freezing wraiths
  9 trolls
  12 komodo dragons
  A hornet (Swamp:1)
  3 tyrant leeches
  11 slime creatures (D:12)
  Grinder (D:6)
  A polar bear (Lair:6)
  A hornet (shapeshifter) (D:14)
  33 blink frogs
  4 dream sheep (Lair:6)
  2 spriggans (Swamp:1)
  Sigmund (D:2)
  3 wraiths
  A shadow (D:13)
  6 wyverns
  A hog (shapeshifter) (D:13)
  37 yaks
  A golden eye (shapeshifter) (D:14)
  A redback (shapeshifter) (D:14)
  Grum (Bailey)
  A steam dragon (D:7)
  9 basilisks
  3 swamp worms
  6 vampire mosquitoes
  Edmund (D:5)
  3 wargs
  2 acid dragons
  44 water moccasins
  2 ice beasts
  26 orc warriors
  2 sky beasts (D:7)
  A black bear (D:6)
  4 ogres
  11 centaurs
  25 wolves
  3 kobold brigands
  27 bullfrogs
  9 gnoll sergeants (Bailey)
  A scorpion (D:5)
  5 wights (D:8)
  10 killer bees
  A howler monkey (D:4)
  6 electric eels
  3 hounds
  6 gnoll boudas
  A jelly (D:4)
  16 orc priests
  An iguana (D:6)
  17 orc wizards
  14 gnolls (Bailey)
  23 adders
  A shadow imp (D:7)
  A white imp (D:5)
  A worm (D:2)
  57 orcs
  9 ball pythons
  10 endoplasms
  4 giant cockroaches
  4 goblins
  4 hobgoblins
  4 jackals
  20 kobolds
  2 quokkas
  6 bats
  3 frilled lizards
  2 rats
649 creatures vanquished.

Vanquished Creatures (collateral kills)
  An orc warrior (Orc:2)
  An orc (Orc:2)
2 creatures vanquished.

Vanquished Creatures (others)
  An unseen horror (D:13)
  A bloated husk (Swamp:1)
  A water moccasin (D:13)
  39 fungi
  108 plants
150 creatures vanquished.

Grand Total: 801 creatures vanquished

Notes
Turn   | Place    | Note
-------+----------+-------------------------------------------
     0 | D:1      | buhh the Octopode Transmuter began the quest for the Orb.
     0 | D:1      | Reached XP level 1. HP: 13/13 MP: 3/3
   175 | D:1      | Reached XP level 2. HP: 13/18 MP: 3/5
   729 | D:1      | Found a faded altar of an unknown god.
   746 | D:1      | Reached XP level 3. HP: 23/23 MP: 4/6
  1046 | D:2      | Noticed Sigmund
  1706 | D:3      | Reached XP level 4. HP: 24/28 MP: 5/7
  1769 | D:3      | Found a transporter.
  1906 | D:3      | Found an ornate altar of the Wu Jian Council.
  1962 | D:3      | Learned a level 2 spell: Wereblood
  1973 | D:3      | Learned a level 3 spell: Spider Form
  2417 | D:3      | Found a transporter.
  2533 | D:3      | Found a runed translucent gate.
  2533 | D:3      | Found a runed translucent gate.
  2533 | D:3      | Found a runed translucent gate.
  2534 | D:3      | Found an opulent altar of Gozag.
  2536 | D:3      | Noticed HilariousDeathArtist's ghost (amateur DjAM)
  2795 | D:4      | Found an opulent altar of Gozag.
  2963 | D:4      | Found a staircase to the Ecumenical Temple.
  2980 | Temple   | Entered the Ecumenical Temple
  3028 | Temple   | Became a worshipper of Cheibriados the Contemplative
  3268 | D:4      | Noticed a scorpion
  3345 | D:4      | Reached XP level 5. HP: 34/34 MP: 6/8
  3999 | D:2      | Killed Sigmund
  4000 | D:2      | Reached skill level 5 in Unarmed Combat
  4000 | D:2      | Reached XP level 6. HP: 41/41 MP: 9/9
  4048 | D:5      | Entered Level 5 of the Dungeon
  4048 | D:5      | Found Qoet's Distillery.
  4052 | D:5      | Bought a potion of heal wounds for 60 gold pieces
  4052 | D:5      | Bought a potion of lignification for 36 gold pieces
  4052 | D:5      | Bought a potion of lignification for 36 gold pieces
  4052 | D:5      | Bought a potion of curing for 36 gold pieces
  4054 | D:5      | Noticed Edmund
  4181 | D:5      | Found Jeosh's General Store.
  4375 | D:5      | Noticed an ice beast
  4629 | D:5      | Found Jafion's Armour Shoppe.
  4703 | D:5      | Found Tymaudeth's Antique Weapon Shoppe.
  4724 | D:5      | Found a shadowy altar of Dithmenos.
  4730 | D:5      | Found Ruin's Weapon Boutique.
  4872 | D:5      | Reached * piety under Cheibriados
  4873 | D:5      | Reached XP level 7. HP: 44/46 MP: 6/10
  6128 | D:6      | Reached XP level 8. HP: 52/54 MP: 8/11
  6313 | D:6      | Noticed Grinder
  6327 | D:6      | Paralysed by Grinder for 4 turns
  6347 | D:6      | Killed Grinder
  6659 | D:7      | Reached skill level 5 in Dodging
  7194 | D:7      | Reached skill level 5 in Fighting
  7194 | D:7      | Reached skill level 8 in Unarmed Combat
  7319 | D:7      | Reached XP level 9. HP: 54/61 MP: 8/12
  7659 | D:7      | Reached ** piety under Cheibriados
  8276 | D:7      | Found a glowing silver altar of Zin.
  8292 | D:8      | Found Texauch's Magic Scroll Boutique.
  8295 | D:8      | Bought 2 scrolls of blinking for 195 gold pieces
  8534 | D:8      | Found Vuasos's Book Boutique.
  8859 | D:8      | Reached *** piety under Cheibriados
  8996 | D:8      | Noticed Psyche
  9285 | D:9      | Reached skill level 8 in Dodging
  9463 | D:9      | Reached skill level 8 in Fighting
  9463 | D:9      | Reached XP level 10. HP: 37/72 MP: 9/13
 10428 | D:10     | Entered Level 10 of the Dungeon
 10521 | D:10     | Found a flagged portal.
 10535 | Bailey   | Entered a bailey
 11023 | Bailey   | Reached **** piety under Cheibriados
 11299 | Bailey   | Learned a level 4 spell: Ice Form
 11895 | Bailey   | Noticed Grum
 11909 | Bailey   | Killed Grum
 13116 | D:10     | Reached skill level 5 in Transmutations
 13293 | D:10     | Reached skill level 5 in Invocations
 13343 | D:10     | Found a bloodstained altar of Trog.
 13596 | D:11     | Reached skill level 5 in Ice Magic
 13721 | D:11     | Noticed Gastronok
 13794 | D:11     | Noticed a cyclops
 13871 | D:11     | Found a staircase to the Lair.
 13871 | D:11     | Noticed an elephant
 13956 | D:11     | Killed Gastronok
 13957 | D:11     | Reached skill level 5 in Stealth
 13957 | D:11     | Reached XP level 11. HP: 69/77 MP: 14/16
 14106 | D:11     | Noticed a purple ugly thing
 14114 | D:11     | Killed a purple ugly thing
 14185 | D:11     | Reached skill level 8 in Invocations
 14554 | D:11     | Noticed a cyclops
 14560 | D:11     | Killed a cyclops
 14711 | D:11     | Noticed a manticore
 14755 | D:11     | Reached skill level 10 in Invocations
 15361 | D:11     | Noticed a two-headed ogre
 15371 | D:11     | Killed a two-headed ogre
 15578 | D:11     | Killed a cyclops
 15809 | D:11     | Killed a manticore
 16046 | D:12     | Noticed a manticore
 16108 | D:12     | Noticed a death knight
 16132 | Lair:1   | Entered Level 1 of the Lair of Beasts
 16161 | Lair:1   | Reached XP level 12. HP: 83/83 MP: 15/20
 16190 | Lair:1   | Reached ***** piety under Cheibriados
 19180 | Lair:3   | Noticed a boulder beetle
 19190 | Lair:2   | Reached skill level 10 in Fighting
 19190 | Lair:2   | Reached skill level 10 in Dodging
 19190 | Lair:2   | Reached skill level 10 in Unarmed Combat
 19781 | Lair:3   | Reached XP level 13. HP: 92/92 MP: 21/21
 21353 | Lair:4   | Found a hole to the Spider Nest.
 22757 | Lair:5   | Found a staircase to the Slime Pits.
 22994 | Lair:5   | Found an opulent altar of Gozag.
 23053 | Lair:5   | Identified a scroll of acquirement
 23055 | Lair:5   | Acquired the amulet "Ceweixto" {Will+ Regen+}
 23428 | Lair:6   | Entered Level 6 of the Lair of Beasts
 23485 | Lair:6   | Reached XP level 14. HP: 102/102 MP: 13/22
 23598 | Lair:6   | Reached ****** piety under Cheibriados
 25806 | D:12     | Learned a level 3 spell: Ozocubu's Armour
 25857 | D:12     | Identified the +6 sling "Gawoggel" {flame, rC+ Str+5}
 26197 | D:12     | Found a staircase to the Orcish Mines.
 26616 | D:12     | Identified the +1 buckler "Puhian" {rElec Int-4 Stlth+}
 27270 | D:13     | Reached XP level 15. HP: 111/111 MP: 20/24
 27385 | Orc:1    | Entered Level 1 of the Orcish Mines
 27773 | Orc:2    | Entered Level 2 of the Orcish Mines
 27955 | Orc:2    | Noticed Rupert
 27961 | Orc:2    | Noticed an orc warlord
 28508 | Orc:2    | Killed Rupert
 28549 | Orc:2    | Noticed an orc warlord
 28565 | Orc:2    | Killed an orc warlord
 28964 | Orc:2    | Found a staircase to the Elven Halls.
 29175 | Orc:2    | Killed an orc warlord
 29424 | Orc:2    | Found Pitriq's Jewellery Emporium.
 29439 | Orc:2    | Found Witzan's General Store.
 29446 | Orc:2    | Bought a scroll of teleportation for 51 gold pieces
 29446 | Orc:2    | Bought a scroll of identify for 34 gold pieces
 29446 | Orc:2    | Bought a potion of cancellation for 136 gold pieces
 29446 | Orc:2    | Bought a potion of brilliance for 68 gold pieces
 29446 | Orc:2    | Bought a wand of acid (5) for 306 gold pieces
 29512 | Orc:2    | Found Galoff's Magic Scroll Boutique.
 29532 | Orc:2    | Bought a scroll of identify for 28 gold pieces
 29532 | Orc:2    | Bought a scroll of identify for 28 gold pieces
 29532 | Orc:2    | Bought a scroll of teleportation for 42 gold pieces
 29532 | Orc:2    | Bought a scroll of fear for 49 gold pieces
 29532 | Orc:2    | Bought a scroll of blinking for 105 gold pieces
 29564 | Orc:2    | Found Juarhu's Antique Armour Emporium.
 29579 | Orc:2    | Found Vuran's Antique Weapon Emporium.
 29619 | Orc:2    | Bought a ring of see invisible for 240 gold pieces
 29619 | Orc:2    | Bought a ring of resist corrosion for 320 gold pieces
 29619 | Orc:2    | Bought a ring of wizardry for 480 gold pieces
 31057 | D:14     | Acquired the ring of the Snail {rPois rC+ rCorr Str-2}
 31094 | D:14     | Found a gate to the Vaults.
 31801 | D:15     | Entered Level 15 of the Dungeon
 32175 | D:8      | Bought a book of Sloth for 468 gold pieces
 32175 | D:8      | Bought an Inescapable Atlas for 442 gold pieces
 32369 | D:5      | Killed Edmund
 32399 | D:5      | Bought a potion of mutation for 96 gold pieces
 32399 | D:5      | Bought a potion of resistance for 120 gold pieces
 32399 | D:5      | Bought a potion of curing for 36 gold pieces
 32476 | D:8      | Killed Psyche
 32931 | Lair:4   | Found a staircase to the Swamp.
 32948 | Swamp:1  | Entered Level 1 of the Swamp
 32978 | Swamp:1  | Killed by an exploding bloated husk

Illustrated notes

Levels and vault maps discovered:
D:1:      minmay_arrival_stone_box, layout_loops_ring, basic_ecumenical_altar
D:2:      layout_rooms, serial_corexii_hall, chequers_hall_statues_corner_a,
          chequers_hall_statues_wall_a, uniq_sigmund
D:3:      gammafunk_steamed_eel, layout_rooms, nicolae_wu_jian_wuxing_cycle,
          ebering_ghost_gozag
D:4:      layout_basic, nicolae_overflow_crystal_walls,
          minmay_temple_entry_offerings
D:5:      layout_layer_cave, mainiacjoe_overflow_tiny_flanked, serial_shops,
          nicolae_shop_crystal, nicolae_shop_stone, shop, shop, shop,
          st_stairs_7, uniq_edmund
D:6:      layout_basic, uniq_grinder
D:7:      layout_loops_ring, zin_treasury
D:8:      layout_cave_pods, serial_shops, nicolae_stop_n_shop_2,
          nicolae_take_the_stairs, uniq_psyche
D:9:      layout_roguey
D:10:     layout_basic, trog_book, enter_bailey_6
D:11:     layout_roguey, david_lair_generic, minmay_circle_x, uniq_gastronok
D:12:     layout_long_grid, orc_0_dummy, kennysheep_generic_room_5
D:13:     lemuel_reptile_caves, layout_loops_ring
D:14:     layout_roguey, david_vaults_4, minmay_misc_feat_doors,
          grunt_ministairs_7
D:15:     gammafunk_enter_depths_forms, layout_irregular_city,
          nicolae_hepliaklqana_hippocampus
Temple:   nicolae_temple_bog_church
Lair:1:   layout_loops_ring
Lair:2:   layout_small_grid, chequers_serial_rivers_micro_e,
          infiniplex_staircase_pool
Lair:3:   layout_roguey, grunt_megastairs_4, lemuel_fruit_tree,
          infiniplex_staircase_pool_2
Lair:4:   layout_long_grid, palyth_hydra_swamp_entry, spider_nest_entry_rubble,
          cheibrodos_lair_reptile_den, lemuel_fruit_fields
Lair:5:   layout_hall_layers, minmay_slime_entry_oklob_open, basic_altar
Lair:6:   minmay_lair_end_frog_pond, layout_regular_city, serial_bayou_ford_a
Swamp:1:  layout_basic_swamp, nicolae_swamp_tree_isthmus, swamp_pool4,
          nicolae_swamp_no_escape
Orc:1:    layout_diamond_mine, serial_shops, basic_altar, minmay_orc_temple_b
Orc:2:    grunt_orc_cross, layout_diamond_mine, serial_shops, shop_coins,
          uniq_rupert

Skill      XL: |  1  2  3  4  5  6  7  8  9 10 11 12 13 14 15 |
---------------+----------------------------------------------+-----
Stealth        | 1 2 3 5 |  5.0
Poison Magic   | 1 2 |  2.0
Fighting       | 2 3 4 5 8 10 11 13 14 | 14.0
Unarmed Combat | 4 5 6 8 10 11 13 14 | 14.0
Dodging        | 3 4 5 8 10 11 13 14 | 14.0
Invocations    | 1 7 11 12 13 | 13.0
Ice Magic      | 5 |  5.0
Transmutations | 5 7 |  7.3
Earth Magic    | 1 |  1.7
Spellcasting   | |  2.0

Action                   |  1- 3 |  4- 6 |  7- 9 | 10-12 | 13-15 || total
-------------------------+-------+-------+-------+-------+-------++-------
Melee: Unarmed           |    80 |    86 |   236 |   548 |   886 ||  1836
       Constrict         |    20 |    21 |     7 |     6 |     2 ||    56
       Kick              |    13 |    17 |     1 |       |       ||    31
       Tentacles         |    13 |    18 |     5 |     8 |     1 ||    45
       Punch             |     2 |     3 |     3 |     3 |     2 ||    13
 Cast: Beastly Appendage |    22 |    25 |     1 |     3 |       ||    51
       Spider Form       |       |     2 |    29 |    15 |       ||    46
       Wereblood         |       |       |     1 |     8 |     4 ||    13
       Ice Form          |       |       |       |    66 |   177 ||   243
       Ozocubu's Armour  |       |       |       |       |    10 ||    10
Invok: Bend Time         |       |       |       |     1 |       ||     1
       Slouch            |       |       |       |     2 |     5 ||     7
       Step From Time    |       |       |       |       |     7 ||     7
Evoke: Wand              |       |     5 |     4 |     2 |    14 ||    25
       Phial of floods   |       |       |       |     1 |       ||     1
       Condenser vane    |       |       |       |       |     3 ||     3
       Lightning rod     |       |       |       |       |     7 ||     7
       Phantom mirror    |       |       |       |       |     2 ||     2
  Use: Scroll            |     1 |     2 |     5 |     6 |    26 ||    40
       Potion            |       |       |     5 |     5 |     9 ||    19
 Stab: Sleeping          |     7 |     2 |     6 |     7 |    10 ||    32
       Distracted        |       |       |       |       |     2 ||     2
Armor: Skin              |    14 |    18 |    38 |   211 |   257 ||   538
Dodge: Dodged            |    49 |    43 |   216 |   560 |   943 ||  1811

Table legend: (Time is in decaauts)
 A = Elapsed time spent in this place.
 B = Non-inter-level travel time spent in this place.
 C = Inter-level travel time spent in this place.
 D = Time resting spent in this place.
 E = Time spent auto-exploring this place.
 F = Levels seen in this place.
 G = Mean time per level.
                   A        B        C        D        E       F      G
               +--------+--------+--------+--------+--------+-----+--------+
         Total |  44142 |  40176 |   3966 |   6963 |  25211 |  26 | 1697.8 |
       Dungeon |  24688 |  22124 |   2564 |   3653 |  14393 |  15 | 1645.9 |
        Temple |     77 |     48 |     29 |      0 |     33 |   1 |   77.0 |
          Lair |  12810 |  11991 |    819 |   1523 |   8617 |   6 | 2135.0 |
         Swamp |     30 |     30 |      0 |      0 |      0 |   1 |   30.0 |
  Orcish Mines |   3866 |   3314 |    552 |    290 |   1941 |   2 | 1933.0 |
        Bailey |   2667 |   2667 |      0 |   1495 |    226 |   1 | 2667.0 |
               +--------+--------+--------+--------+--------+-----+--------+

Top non-repeatable levels by time:
    D:11: 3247 daAuts
  Lair:2: 2768 daAuts
  Bailey: 2667 daAuts
  Lair:6: 2411 daAuts
    D:12: 2381 daAuts
    D:13: 2305 daAuts
  Lair:5: 2071 daAuts
     D:5: 2019 daAuts
  Lair:3: 2005 daAuts
   Orc:2: 2000 daAuts
     D:7: 1974 daAuts
  Lair:4: 1899 daAuts
    D:14: 1897 daAuts
   Orc:1: 1866 daAuts
    D:10: 1699 daAuts
